Bob, chaotic male orcish Wizard --------- |.....<.| --- |........# |.+ ---.-.-.-### |.| # # #|.- ####|. # #|.- ##|.| #|.| #|.--- #|... #|.------ #|.-.*+*| #|.|.[=(| #|G| ?=/| #|.--------------- ----------- | #hGo..................@..........| --------------------------------- Bob the Conjurer Experience level: 5 Strength: 11 Dexterity: 12 Constitution: 17 Intelligence: 15 Wisdom: 13 Charisma: 12 Health: 0(36) Energy: 22(39) Def: 1 Gold: 172 Moves: 1426 Dungeon seed: u56s6dfMgXRipyTQ Game ID: Bob_1638486533 Your Inventory: Coins $ - 172 gold pieces Weapons v - 2 +0 elven daggers C - a +0 dagger H - a blessed +1 quarterstaff (weapon in hands) Armor e - an uncursed +0 cloak of magic resistance (being worn) Scrolls L - an uncursed scroll of identify Spellbooks D - an uncursed spellbook of magic mapping Potions s - an uncursed potion of monster detection A - an uncursed potion of healing B - an uncursed potion of levitation J - a blessed potion of monster detection Rings c - an uncursed ring of protection from shape changers (on left hand) d - an uncursed ring of teleport control (on right hand) K - an uncursed ring of protection from shape changers Wands b - a wand of sleep (0:8) Tools a - an uncursed magic whistle n - an uncursed bell w - an uncursed brass lantern (0:1259) x - 13 uncursed tallow candles (0:200) F - an uncursed sack G - a +0 pick-axe I - a cursed wax candle (0:400) Gems q - an uncursed worthless piece of black glass y - 2 uncursed touchstones Contents of the sack: an uncursed scroll of enchant armor a blessed scroll of enchant weapon an uncursed scroll of light an uncursed scroll of scare monster a blessed spellbook of force bolt an uncursed spellbook of remove curse an uncursed potion of extra healing an uncursed potion of paralysis an uncursed potion of restore ability an uncursed potion of sickness Spells and supernatural/magical abilities: Name Level Category Fail Memory a - force bolt 1 attack 0% 93% r - remove curse 3 clerical 100% 93% W - pray for help -- divine ? -- Your skills at the end: Fighting Skills Weapon Skills quarterstaff [Basic] Spellcasting Skills attack spells [Basic] enchantment spells [Basic] Final Attributes: You were piously aligned. You were fire resistant. You were poison resistant. You were magic-protected. You had infravision. You had teleport control. You were protected from shape changers. You are dead. Vanquished creatures: 3 gnome lords a gnomish wizard a red naga hatchling 5 dwarves a rabid rat a giant bat 2 hobbits a large kobold 3 cave spiders 17 gnomes a gecko 4 jackals a grid bug 4 bats a lichen a kobold zombie 3 newts 50 creatures vanquished. Voluntary challenges: You used a wielded weapon 60 times, starting on turn 31. You were illiterate. You never genocided any monsters. You never polymorphed an object. You never changed form. You used no wishes. You never split a pudding. You never wrote Elbereth's name. You never violated your personal moral code. Dungeon overview: The Dungeons of Doom: levels 1 to 4 Level 1 an altar to Anhur a long staircase Level 2 Level 3 some altars to Thoth and Anhur, a fountain Level 4 stairs to The Gnomish Mines The Gnomish Mines: levels 5 to 8 Level 5 stairs to The Dungeons of Doom Level 6 Level 7 Level 8 <- You were here a general store History has recorded: On T:1 you entered the Dungeons of Doom to retrieve the Amulet of Yendor! On T:113 you reached level 2 of The Dungeons of Doom. On T:384 you reached level 3 of The Dungeons of Doom. On T:542 you reached level 4 of The Dungeons of Doom. On T:645 you advanced to experience level 2. On T:707 you reached level 1 of The Gnomish Mines. On T:727 you advanced to experience level 3. On T:756 you advanced to experience level 4. On T:876 you advanced to experience level 5. On T:887 you reached level 2 of The Gnomish Mines. On T:1164 you reached level 3 of The Gnomish Mines. On T:1303 you reached level 4 of The Gnomish Mines. Score breakdown: Gold: 172 ( 7613 points) Experience: 5 levels (11141 points) Exploration: 8 levels ( 16.00%) (11338 points) Discoveries: 3 items ( 1.09%) ( 3127 points) Valuables value: (no points given unless you survive) Artifact value: 0 ( 0 points) Variety of kills: 17 monsters ( 4.46%) ( 6336 points) Turncount: 1426 turns ( 0 points) Survival: died (score multiplied by 80%) Total score: 31644 Latest messages: You get a slight headache. Something casts a spell at you! You feel momentarily disoriented. You feel a bit steadier now. You come to. You feel more confident in your weapon skills. You hit the gnomish wizard. The gnomish wizard points at you, then curses. You faint from lack of food. Something casts a spell at you! Your brain is on fire! You are hit! You come to. You begin praying to Anhur. You are surrounded by a shimmering light. The gnomish wizard starts to attack you, but pulls back. (4x) You feel that Anhur is well-pleased. Your stomach feels content. The gnome thrusts her dagger. The gnome hits! You die... Final status: Goodbye Bob the Wizard, killed by a gnome... You died in The Gnomish Mines on dungeon level 8 with 31644 points, and 172 pieces of gold, after 1426 moves. You were level 5 with a maximum of 36 hit points when you died.